 Dungeon Crawl Stone Soup version 0.17.1-2-g5865329 (webtiles) character file.

102 Jerry the Ducker (level 4, -1/31 HPs)
             Began as an Octopode Fighter on Feb 11, 2016.
             Slain by a goblin
             ... wielding a +0 dagger
             ... led by Robin
              (3 damage)
             ... on level 1 of the Dungeon.
             The game lasted 00:03:08 (1405 turns).

Jerry the Ducker (Octopode Fighter)                 Turns: 1405, Time: 00:03:08

Health: -1/31      AC:  1    Str: 15    XL:     4   Next: 78%
Magic:  4/4        EV: 11    Int: 10    God:
Gold:   142        SH:  9    Dex: 12    Spells: 0 memorised, 3 levels left

rFire  . . .     SeeInvis .     a - +0 flail
rCold  . . .     Clarity  .     b - +0 shield
rNeg   . . .     SustAt   .     (helmet restricted)
rPois  .         Gourm    .     (no amulet)
rElec  .         Spirit   .     (no ring)
rCorr  .         Warding  .     (no ring)
rMut   .         Stasis   .     (no ring)
MR     .....                    (no ring)
Stlth  +++.......               (no ring)
                                (no ring)
                                (no ring)
                                (no ring)

@: not resistant to hostile enchantments, fairly stealthy
A: almost no armour, amphibious, 8 rings, constrict 8, camouflage 1, gelatinous
body 1
a: no special abilities


You were on level 1 of the Dungeon.
You were hungry.

You visited 1 branch of the dungeon, and saw 2 of its levels.

You collected 142 gold pieces.

Inventory:

Hand Weapons
 a - a +0 flail (weapon)
Armour
 b - a +0 shield (worn)
Scrolls
 e - 2 scrolls of enchant weapon {unknown}
 g - a scroll of teleportation {unknown}
 h - 2 scrolls of identify {unknown}
 i - a scroll of enchant armour {unknown}
 j - a scroll of noise {unknown}
 k - a scroll of immolation {unknown}
Potions
 c - 2 potions of might
 l - a potion of ambrosia {unknown}
Comestibles
 d - a bread ration
 f - 2 meat rations


   Skills:
 + Level 3.5 Fighting
 + Level 3.0 Maces & Flails
 + Level 3.5 Dodging
 + Level 2.4 Stealth
 + Level 3.4 Shields


You had 3 spell levels left.
You didn't know any spells.

Dungeon Overview and Level Annotations

Branches:
Dungeon (2/15)

Altars:


Innate Abilities, Weirdness & Mutations

You cannot wear most types of armour.
You are amphibious.
You can wear up to eight rings at the same time.
You can use your tentacles to constrict eight enemies at once.
Your skin changes colour to match your surroundings (Stealth).
Your rubbery body absorbs attacks (AC +1).


Message History

* * * LOW HITPOINT WARNING * * *
You hit Robin.
You kill Robin!
Your Maces & Flails skill increases to level 3!
The goblin hits you with a dagger.
* * * LOW HITPOINT WARNING * * *
You block the hobgoblin's attack. You block the goblin's attack.
The goblin barely misses you. You block the goblin's attack.
There is a stone staircase leading up here.
The hobgoblin hits you.
* * * LOW HITPOINT WARNING * * *
The goblin barely misses you.
You climb upwards.
There is a stone staircase leading down here.
You thump the hobgoblin!
You kill the hobgoblin!
You miss the goblin. Your grab misses the goblin.
The goblin hits you with a dagger.
You die...

##......## #........##
...†......# ..........# #######
..........# ##.....## ..........#
#.......# ..........# ##.....##
#.......)#######g###
..>..........###@#
..........##..##.##
..........###.....########
[.....[...#####...##.....##
..........................#
.........#######..##.....########
.......†## #.....######......
..#.#.### #.###..# #......
(.#....# #.# ##.## #......


You could see a goblin.

Vanquished Creatures
  Robin (D:2)
  4 adders (D:2)
  3 giant cockroaches
  11 goblins
  9 hobgoblins
  4 jackals (D:1)
  2 ball pythons (D:1)
  9 bats
  4 kobolds
  9 rats
56 creatures vanquished.

Notes
Turn   | Place    | Note
--------------------------------------------------------------
     0 | D:1      | Jerry the Octopode Fighter began the quest for the Orb.
     0 | D:1      | Reached XP level 1. HP: 16/16 MP: 1/1
    64 | D:1      | Reached skill level 1 in Stealth
   122 | D:1      | Reached XP level 2. HP: 18/21 MP: 2/2
   454 | D:1      | Reached XP level 3. HP: 18/26 MP: 3/3
  1117 | D:2      | Reached XP level 4. HP: 20/31 MP: 4/4
  1385 | D:2      | Noticed Robin
  1397 | D:2      | Killed Robin
  1401 | D:2      | HP: 1/31 [hobgoblin[Robin] (2)]
  1405 | D:1      | Slain by a goblin

Action                   |  1- 3 |  4- 6 || total
-------------------------+-------+-------++-------
Melee: Flail             |    73 |    24 ||    97
 Stab: Sleeping          |    11 |     3 ||    14
       Distracted        |       |     1 ||     1
  Eat: Chunk             |     1 |       ||     1
